 Dungeon Crawl Stone Soup version 0.28.0-45-g0d030f2227 (webtiles) character file.

Game seed: 11143607934635340575

88 zeratav the Insei (level 4, -18/29 HPs)
             Began as an Octopode Transmuter on Apr 10, 2022.
             Demolished by an ogre
             ... wielding a +0 giant club
              (28 damage)
             ... on level 4 of the Dungeon.
             The game lasted 00:02:54 (3304 turns).

zeratav the Insei (Octopode Transmuter)             Turns: 3304, Time: 00:02:54

Health: -18/29     AC:  1    Str:  9    XL:     4   Next: 54%
Magic:  7/7        EV: 13    Int: 15    God:
Gold:   89         SH:  0    Dex: 14    Spells: 6/7 levels left

rFire   . . .      SeeInvis .     - Unarmed
rCold   . . .      Faith    .   (no shield)
rNeg    . . .      Spirit   .   (helmet restricted)
rPois   .          Reflect  .   f - amulet of magic regeneration {@e2}
rElec   .          Harm     .   (no ring)
rCorr   .          Rampage  .   (no ring)
Will    .....                   (no ring)
Stlth   ++++......              (no ring)
HPRegen 0.09/turn               (no ring)
MPRegen 0.50/turn               (no ring)
                                (no ring)
                                (no ring)

@: no status effects
A: almost no armour, amphibious, 8 rings, camouflage 1, gelatinous body 1,
nimble swimmer 1, tentacles
a: no special abilities


You were on level 4 of the Dungeon.
You visited 1 branch of the dungeon, and saw 5 of its levels.

You collected 89 gold pieces.


Innate Abilities, Weirdness & Mutations

You cannot wear most types of armour.
You are amphibious.
You can wear up to eight rings at the same time.
Your skin changes colour to match your surroundings (Stealth+).
Your rubbery body absorbs attacks. (AC +1, EV +1)
You are camouflaged when in or above water. (Stealth+)
You have tentacles for arms and can constrict up to eight enemies at once.


   Skills:
 + Level 2.0 Fighting
 + Level 2.7 Dodging
 + Level 2.4 Stealth
 * Level 3.9 Unarmed Combat
 - Level 2.0 Spellcasting
 - Level 2.0 Transmutations


You had 6 spell levels left.
You knew the following spells:

 Your Spells              Type           Power      Damage    Failure   Level
a - Beastly Appendage     Tmut           14%        N/A       10%         1

Your spell library contained the following spells:

 Spells                   Type           Power      Damage    Failure   Level
 Wereblood                Tmut           7%         N/A       14%         2
 Spider Form              Tmut/Pois      4%         N/A       41%         3
 Dazzling Flash           Conj/Hex       2%         N/A       54%         3
 Ice Form                 Ice/Tmut       4%         N/A       82%         4
 Iskenderun's Mystic Bla  Conj/Tloc      1%         2d3       91%         4
 Starburst                Conj/Fire      0%         6d3       100%        6

Inventory:

Jewellery
 f - an amulet of magic regeneration (around mantle) {@e2}
   (You found it on level 1 of the Dungeon)
Scrolls
 a - 3 scrolls of teleportation {unknown}
 b - 3 scrolls of identify {unknown}
 c - a scroll of amnesia {unknown}
 d - a scroll of enchant armour {unknown}
 g - a scroll of torment {unknown}
 j - 2 scrolls of immolation {unknown}
 k - a scroll of magic mapping {unknown}
 m - a scroll of silence {unknown}
Potions
 e - 2 potions of invisibility {unknown}
 h - a potion of brilliance {unknown}
 i - a potion of curing {unknown}
 l - a potion of ambrosia {unknown}

Dungeon Overview and Level Annotations

Branches:
Dungeon (5/15)
 Temple: D:4-7

Altars:

Shops:
D:3 (

Annotations:
D:3 2 transporters, Antichthon's ghost, amateur NaWr
D:4 Eustachio

.....PP...# ###........#
...........# #...........#
♣≈♣♣♣≈...<...# ..
≈≈PP≈≈≈".....# ....#
≈P≈≈≈≈≈≈P♣♣..# #....###
#♣P≈≈≈≈≈≈≈≈ ≈≈# .
##......#####♣@≈≈P≈≈≈≈≈≈
≈P.
.##..#..).J...≈rOr≈≈≈≈≈≈≈≈
≈≈♣.
#.#J#.#.#...5S♣oP≈≈P♣≈≈P≈≈
♣.
............@...≈.≈.≈.≈..P
.#
#.#J#.#.#..r............
...........@♣≈≈≈........
#.#.#.#.#...♣P♣≈≈≈≈≈≈..≈
....†..>......≈♣P≈P≈≈≈≈≈
#.#.#.#.#####.#♣≈≈≈♣♣P≈


You could see Eustachio, an ogre, a jelly, a quasit (summoned), an adder, 2
river rats, an orc and a quokka.


Message History

You tentacle-slap the endoplasm but do no damage.
You tentacle-slap the endoplasm. The endoplasm hits you.
HP[-3]
You take 3 damage, and now have 24/29 hp.
You tentacle-slap the endoplasm. You squeeze the endoplasm.
You kill the endoplasm!
No target in view!
No target in view!
No target in view!
No target in view!
No target in view!
No target in view!
No target in view!
No target in view!
No target in view!
No target in view!
Your magical contamination has completely faded away.
There is an entrance to Gyichab's Weapon Emporium here.
HP[+5]
Your hp is fully restored (29).
There is a stone staircase leading down here.
There is an open door here.
The ball python hisses angrily.
The frilled lizard hisses angrily.
Antichthon's ghost turns its malevolent gaze towards you.
The ball python hisses angrily.
Partly explored, unvisited transporter.
Partly explored, unvisited transporter.
Partly explored, unvisited transporter.
(D) Dungeon
Where to? (Enter - D:3, ? - help) Antichthon's ghost screams, "Don't try to defend!
You have no chance!"
There is a transporter landing site here.
There is a stone staircase leading down here.
You climb downwards.
A sourceless malevolence fills the Dungeon... and a teleportation trap spontaneously manifests!
You are yanked towards a nearby monster!
Your surroundings suddenly seem different.
A ball python comes into view.
Found a scroll labelled COP VINTOMOSU and a spear.
Found a stone staircase leading down.
One of your tentacles grows a vicious spike.
MP[-1]
You lost 1 mp, and now have 6/7 mp.
An adder comes into view.
MP[+1]
Your mp is fully restored (7).
Eustachio and a jelly come into view.
Eustachio shouts!
The ball python hisses angrily.
The jelly moves out of view.
You barely miss the ball python. You grab the ball python.
You constrict the ball python. The ball python bites you.
The ball python grabs you. The ball python constricts you.
HP[-4]
You take 4 damage, and now have 25/29 hp.
You tentacle-slap the ball python.
You kill the ball python!
Eustachio hits you with a +0 rapier!
HP[-10]
You take 10 damage, and now have 15/29 hp.
MASSIVE DAMAGE!! (PAUSE) Eustachio casts a spell.
A quokka comes into view.
Your transformation is almost over.
Eustachio casts a spell.
Eustachio blinks!
Eustachio screams, "Hey, you killed my favourite bat!"
There is a stone staircase leading down here.
HP[+1]
You climb downwards.
You hear the sound of rushing water.
There is an entrance to a sewer on this level.
Hurry and find it before the portal rusts away!
There is a stone staircase leading up here.
You climb upwards.
Level annotation: Eustachio The river rat completely misses you.
There is a stone staircase leading down here.
The river rat bites you.
* * * LOW HITPOINT WARNING * * *
Eustachio completely misses you.
HP[-2]
You take 2 damage, and now have 14/29 hp.
An orc comes into view. It is wielding a +0 short sword.
Your tentacle spike disappears.
The orc shouts!
The adder hisses angrily.
The ogre shouts!
Eustachio mumbles some strange words.
The adder bites you.
* * * LOW HITPOINT WARNING * * *
HP[-1]
You take 1 damage, and now have 13/29 hp.
The jelly quivers.
The adder bites you.
* * * LOW HITPOINT WARNING * * *
HP[-3]
You take 3 damage, and now have 10/29 hp.
Eustachio casts a spell.
The ogre hits you with a +0 giant club!!
Ouch! That really hurt!
You die...

Skill      XL: |  1  2  3  4 |
---------------+-------------+-----
Stealth        | 1 2 |  2.4
Fighting       | 2 |  2.0
Dodging        | |  2.7
Unarmed Combat | |  3.9
Spellcasting   | |  2.0
Transmutations | |  2.0

Action                   |  1- 3 |  4- 6 || total
-------------------------+-------+-------++-------
Melee: Unarmed           |    55 |    35 ||    90
       Constrict         |    10 |    12 ||    22
       Kick              |     6 |    12 ||    18
       Tentacles         |    11 |     7 ||    18
       Punch             |       |     2 ||     2
 Cast: Beastly Appendage |    20 |    11 ||    31
 Stab: Sleeping          |     9 |     3 ||    12
Armor: Skin              |     4 |     4 ||     8
Dodge: Dodged            |    23 |    28 ||    51

Levels and vault maps discovered:
D:1:      minmay_arrival_solitary_statue, layout_loops_ring, minmay_heptomino_h4
D:2:      layout_loops_ring, serial_forest, infiniplex_forest_clump_cross,
          infiniplex_forest_clump_small, infiniplex_forest_clump_tiny,
          infiniplex_forest_end_3, infiniplex_forest_clump_curved,
          infiniplex_forest_lined_3_way, infiniplex_forest_straight_3,
          infiniplex_forest_lined_1, infiniplex_forest_clump_tiny,
          infiniplex_forest_fountain
D:3:      layout_basic, serial_shops, shop, gammafunk_ghost_arena,
          hangedman_feature_mirror
D:4:      layout_rooms, serial_bayou, serial_bayou_lagoon_b,
          serial_bayou_ford_a, serial_bayou_shore_a, serial_bayou_lagoon_a,
          serial_bayou_pond_a, serial_bayou_pond_b, serial_shops,
          nicolae_square_shop, st_stairs_10, uniq_blork_the_orc, uniq_eustachio
D:5:      layout_basic, cheibrodos_sewer_entry_sluice,
          minmay_misc_feat_more_columns

Notes
Turn   | Place    | Note
-------+----------+-------------------------------------------
     0 | D:1      | zeratav the Octopode Transmuter began the quest for the
                  | Orb.
     0 | D:1      | Reached XP level 1. HP: 13/13 MP: 3/3
     0 | D:1      | magus.rc [v1.9.6]
   325 | D:1      | Reached XP level 2. HP: 18/18 MP: 3/5
   350 | D:1      | Reached skill level 1 in Stealth
   842 | D:2      | You pick up a book of Spectacle and begin reading...
   842 | D:2      | You add the spells Dazzling Flash, Iskenderun's Mystic
                  | Blast and Starburst to your library.
   981 | D:2      | Reached XP level 3. HP: 23/23 MP: 6/6
  1203 | D:2      | HP: 5/23 [poisoned by an adder]
  1626 | D:2      | Reached skill level 2 in Stealth
  1683 | D:2      | Reached XP level 4. HP: 13/29 MP: 7/7
  1688 | D:2      | HP: 7/29 [poisoned by an adder]
  2599 | D:3      | Found a transporter.
  2896 | D:3      | Found a transporter.
  2899 | D:3      | Noticed Antichthon's ghost (amateur NaWr)
  2934 | D:3      | Reached skill level 2 in Fighting
  3132 | D:3      | Found Gyichab's Weapon Emporium.
  3279 | D:4      | Noticed an ogre
  3282 | D:4      | Noticed Eustachio
  3292 | D:5      | Entered Level 5 of the Dungeon
  3304 | D:4      | Demolished by an ogre

Vanquished Creatures
  4 adders (D:2)
  A worm (D:2)
  A dart slug (D:2)
  5 ball pythons
  7 endoplasms
  A giant cockroach (D:1)
  7 goblins
  4 hobgoblins
  3 jackals (D:3)
  3 kobolds (D:2)
  2 quokkas
  A bat (D:2)
  A frilled lizard (D:3)
  3 rats
43 creatures vanquished.

Vanquished Creatures (others)
  6 plants (D:2)
6 creatures vanquished.

Grand Total: 49 creatures vanquished

Table legend:
 A = Non-vault XP
 B = Vault XP
 C = Vault XP percentage of total XP
 D = Non-vault monster count
 E = Vault monster count
 F = Vault count percentage of total count
                 A         B        C        D         E       F
            +---------+---------+-------+---------+---------+-------
      Total |     115 |      12 |   9.4 |      36 |       7 |  16.3
            +---------+---------+-------+---------+---------+-------
        D:1 |      12 |       7 |  36.8 |       6 |       4 |  40.0
        D:2 |      85 |       0 |   0.0 |      20 |       0 |   0.0
        D:3 |      18 |       4 |  18.2 |      10 |       2 |  16.7
        D:4 |       0 |       1 | 100.0 |       0 |       1 | 100.0
            +---------+---------+-------+---------+---------+-------

Illustrated notes

Table legend:
 A = Kills in this place as a percentage of kills in entire the game.
 B = Kills by you in this place as a percentage of kills by you in the entire game.
 C = Kills by friends in this place as a percentage of kills by friends in the entire game.
 D = Other kills in this place as a percentage of other kills in the entire game.
 E = Experience gained in this place as a percentage of experience gained in the entire game.
 F = Experience gained in this place divided by the number of levels of this place that you have seen.
                   A       B       C       D       E      F
               +-------+-------+-------+-------+-------+----------------------
         Total | 100.0 | 100.0 |   N/A |   N/A | 100.0 |  25.4
       Dungeon | 100.0 | 100.0 |   N/A |   N/A | 100.0 |  25.4
               +-------+-------+-------+-------+-------+----------------------

Table legend: (Time is in decaauts)
 A = Elapsed time spent in this place.
 B = Non-inter-level travel time spent in this place.
 C = Inter-level travel time spent in this place.
 D = Time resting spent in this place.
 E = Time spent auto-exploring this place.
 F = Levels seen in this place.
 G = Mean time per level.
                   A        B        C        D        E       F      G
               +--------+--------+--------+--------+--------+-----+--------+
         Total |   3297 |   3229 |     68 |    348 |   2560 |   5 |  659.4 |
       Dungeon |   3297 |   3229 |     68 |    348 |   2560 |   5 |  659.4 |
               +--------+--------+--------+--------+--------+-----+--------+

Top non-repeatable levels by time:
     D:2: 1858 daAuts
     D:1: 723 daAuts
     D:3: 690 daAuts
     D:4: 23 daAuts
     D:5: 1 daAuts
